[Event "Late-Titled-Tuesday-Blitz-September-05-2023"]
[Site "Chess.com"]
[Date "2023.09.05"]
[Round "5"]
[White "Sjakkerntobi"]
[Black "azikom"]
[Result "1-0"]
[WhiteElo "2474"]
[BlackElo "2653"]
[TimeControl "180+1"]
[EndTime "14:56:45 PDT"]
[Termination "Sjakkerntobi won on time"]

1. e4 c5 2. Nf3 e6 3. d4 cxd4 4. Nxd4 a6 5. c4 g6 6. Nc3 Bg7 7. Be3 Ne7 8. h4 d5 9. h5 e5 10. h6 Bf6 11. cxd5 exd4 12. Bxd4 Nd7 13. f4 O-O 14. e5 Bh8 15. Bc4 Nf5 16. Bf2 b5 17. Bb3 a5 18. a4 bxa4 19. Rxa4 Rb8 20. g4 Ne7 21. O-O Ba6 22. Re1 Rb4 23. d6 Nc8 24. e6 Rxb3 25. Qxb3 fxe6 26. Qxe6+ Rf7 27. Nd5 Bb7 28. Ne7+ Nxe7 29. dxe7 Qe8 30. Qxd7 Qxd7 31. e8=Q+ Qxe8 32. Rxe8+ Rf8 33. Rxf8+ Kxf8 34. Bd4 Bxd4+ 35. Rxd4 Bc6 36. Rd8+ Kf7 37. Rh8 Bf3 38. Rxh7+ 1-0

[Event "Late-Titled-Tuesday-Blitz-September-05-2023"]
[Site "Chess.com"]
[Date "2023.09.05"]
[Round "5"]
[White "sergiochess83"]
[Black "DefiantChair"]
[Result "0-1"]
[WhiteElo "2911"]
[BlackElo "2664"]
[TimeControl "180+1"]
[EndTime "14:56:46 PDT"]
[Termination "DefiantChair won on time"]

1. d4 Nf6 2. c4 e6 3. g3 d5 4. Bg2 dxc4 5. Nf3 a6 6. O-O Nc6 7.
Bg5 h6 8. Bxf6 Qxf6 9. e3 Rb8 10. Nfd2 e5 11. d5 Nd8 12. Nxc4 b5 13. Ncd2 Bd6 14. Nc3 O-O 15. a4 Bd7 16. axb5 axb5 17. Nce4 Qg6 18. Ra6 f5 19. Nxd6 cxd6 20. Nb3 f4 21. exf4 exf4 22.
Nd4 Bg4 23. Qb1 Qf6 24. Qe4 Nb7 25. Qxf4 Qxf4 26. gxf4 Rxf4 27. Ne6 Rb4 28. Rb6 Rxb2 29. Rc1 Be2 30. Nd4 Bc4 31. Nc6 Rf8 32. Rxb7 Rfxf2 33. Be4 Rbe2 0-1

[Event "Late-Titled-Tuesday-Blitz-September-05-2023"]
[Site "Chess.com"]
[Date "2023.09.05"]
[Round "5"]
[White "adiosabu"]
[Black "Gogolev_Artemy"]
[Result "0-1"]
[WhiteElo "2549"]
[BlackElo "2440"]
[TimeControl "180+1"]
[EndTime "14:56:46 PDT"]
[Termination "Gogolev_Artemy won by resignation"]

1. d4 d5 2. Nf3 Nf6 3. Bf4 e6 4.
e3 Bd6 5. Bg3 O-O 6. Nbd2 b6 7.
Bd3 Bb7 8. O-O Ne4 9. Bxe4 dxe4 10. Ne5 f6 11. Nec4 Bxg3 12. fxg3 f5 13. g4 Nd7 14.
gxf5 exf5 15. Qh5 g6 16. Qh6 Qe7 17. a4 Rad8 18. Rf2 c5 19. c3 cxd4 20. cxd4 Rc8 21.
b3 a6 22. Qf4 Bd5 23. h3 Rc6 24. Raf1 b5 25. Nb2 Qe6 26. axb5 axb5 27. g4 Rcc8 28.
gxf5 Rxf5 29. Qg4 Rxf2 30. Rxf2 Qxg4+ 31. hxg4 Rc2 32. Nxe4 Bxe4 33. Rf4 Rxb2 34. Rxe4 Rxb3 35.
Re6 Kf7 36. d5 Rd3 37. e4 Nc5 38. Re5 b4 39. d6 b3 40. Rxc5 b2 41. Rb5 Rd1+ 42.
Kf2 b1=Q 43. Rxb1 Rxb1 0-1

[Event "Late-Titled-Tuesday-Blitz-September-05-2023"]
[Site "Chess.com"]
[Date "2023.09.05"]
[Round "5"]
[White "FredddieCroderg"]
[Black "AquivaRubinstein"]
[Result "0-1"]
[WhiteElo "2300"]
[BlackElo "2485"]
[TimeControl "180+1"]
[EndTime "14:56:46 PDT"]
[Termination "AquivaRubinstein won by checkmate"]

1. e4 Nf6 2. d3 d5 3. Nd2 c5 4. Ngf3 Nc6 5. Be2 e5 6. O-O Be7 7. exd5 Nxd5 8. Re1 O-O 9. Bf1 f6 10. c3 Bg4 11. h3 Bh5 12. Qb3 Na5 13. Qc2 Kh8 14. a3 h6 15. b4 Nc6 16. g3 cxb4 17.
axb4 a6 18. Bb2 Rc8 19. Qb3 Qd7 20. b5 axb5 21. Qxb5 Rfd8 22. c4 Nc7 23. Qb6 Ne6 24. Reb1 Bc5 25. Qb3 Ned4 26. Bxd4 Nxd4 27. Qxb7 Qxb7 28.
Rxb7 Nxf3+ 29. Nxf3 Bxf3 30. Rb5 Bd4 31. Ra6 Ra8 32.
Rba5 Rxa6 33. Rxa6 Ra8 34. Rxa8+ Bxa8 35. Be2 f5 36.
Bh5 Kh7 37. Be8 g5 38. Bd7 Kg6 39. Be8+ Kf6 40. Bd7 e4 41. dxe4 Bxe4 42. Bb5 Ke5 43. Be8 Bd3 44. Bf7 Bc5 45. Kg2 Kd4 46. Be6 Be4+ 47.
Kg1 Kd3 48. Bf7 Ke2 49. Kh2 Kxf2 50. h4 Bd6 51. Kh3 g4+ 52. Kh2 Bxg3# 0-1

[Event "Late-Titled-Tuesday-Blitz-September-05-2023"]
[Site "Chess.com"]
[Date "2023.09.05"]
[Round "5"]
[White "HajiyevKanan"]
[Black "GAO"]
[Result "0-1"]
[WhiteElo "2468"]
[BlackElo "2303"]
[TimeControl "180+1"]
[EndTime "14:56:46 PDT"]
[Termination "GAO won by checkmate"]

1. d4 Nf6 2. Nf3 g6 3. c4 Bg7 4. Nc3 O-O 5. g3 d6 6. Bg2 Nc6 7. O-O e5 8. e4 Bg4 9. Be3 exd4 10. Bxd4 Nxd4 11. Qxd4 c6 12. Nd2 Nd5 13. Qd3 Nb4 14. Qb1 a5 15. a3 Na6 16. h3 Be6 17. Qc2 Qb6 18. Na4 Qa7 19. Rad1 b5 20. Nc3 b4 21.
Na4 Nc5 22. Nf3 Nxa4 23. Qxa4 Bxc4 24. Rfe1 Bb5 25. Qb3 bxa3 26. bxa3 Qe7 27. a4 Ba6 28. Qc2 c5 29. Qd2 Rfd8 30. h4 Bb7 31. Qc2 Rab8 32. Nd2 Bc6 33. Nc4 Rb4 34. Nxa5 Bxa4 35. Qd2 Qc7 36.
Ra1 Qxa5 37. Ra2 Qb5 38. h5 Bb3 39. Kh2 Bxa2 40. Qxa2 Rb2 41. Qd5 Qb7 42. hxg6 Qxd5 43. gxh7+ Kxh7 44. exd5 Rxf2 45. Re7 Kg6 46. Kh3 c4 47.
Rc7 c3 48. g4 Be5 49. Rc4 Rh8# 0-1

[Event "Late-Titled-Tuesday-Blitz-September-05-2023"]
[Site "Chess.com"]
[Date "2023.09.05"]
[Round "5"]
[White "allvim"]
[Black "Mariia89"]
[Result "1-0"]
[WhiteElo "2298"]
[BlackElo "1963"]
[TimeControl "180+1"]
[EndTime "14:56:48 PDT"]
[Termination "allvim won on time"]

1. e4 c6 2. d4 d5 3. exd5 cxd5 4. c4 Nf6 5. Nc3 e6 6. Nf3 Be7 7. Bd3 dxc4 8. Bxc4 O-O 9. O-O a6 10. a3 b5 11. Ba2 Bb7 12. Bg5 h6 13. Bh4 Nbd7 14. Re1 Nb6 15. Ne5 Nfd5 16. Bg3 Bf6 17. Rc1 Rc8 18.
Qe2 Re8 19. Ne4 Rxc1 20. Rxc1 Bxe5 21. dxe5 Qe7 22. Nd6 Rb8 23. Qg4 b4 24. axb4 Ba8 25. Bh4 Qf8 26. Bb1 Nc8 27. Ne4 Kh8 28. Nf6 gxf6 29.
exf6 Qg8 30. Qh5 Qf8 31. h3 Nd6 32. Rc5 Rxb4 33. Bg3 Ne4 34. Bxe4 Rxe4 35. Rc8 1-0

[Event "Late-Titled-Tuesday-Blitz-September-05-2023"]
[Site "Chess.com"]
[Date "2023.09.05"]
[Round "5"]
[White "NotFischer"]
[Black "tteshan"]
[Result "0-1"]
[WhiteElo "2286"]
[BlackElo "2575"]
[TimeControl "180+1"]
[EndTime "14:56:49 PDT"]
[Termination "tteshan won by resignation"]

1. e4 c5 2. Nf3 Nc6 3. Bb5 e6 4.
Bxc6 bxc6 5. d3 d6 6. O-O e5 7.
Nbd2 Be6 8. b3 g6 9. Bb2 Bg7 10. a4 Ne7 11. Re1 O-O 12. h3 h6 13. Nc4 Kh7 14.
Qd2 Rb8 15. Rad1 Nc8 16. Bc3 Nb6 17. Na5 Qd7 18. Kh2 f5 19. Qe2 f4 20. Ba1 Qc7 21. Qd2 Nd7 22. Rb1 Nf6 23. c3 Qxa5 24. Qd1 Qc7 25.
d4 cxd4 26. cxd4 Nd7 27. d5 cxd5 28. exd5 Bf5 29. Rc1 Qb6 30. Nh4 Qxf2 31. Nxf5 Rxf5 32. Rc7 Qg3+ 33. Kh1 f3 34. Rg1 fxg2+ 35. Rxg2 Qxh3+ 36. Kg1 Qe3+ 37. Kh1 Rh5+ 38. Qxh5 gxh5 39. Rxd7 Rg8 40. Bb2 Qe1+ 41. Kh2 Qh4+ 42. Kg1 Qe4 43. Rxd6 Qxg2+ 44. Kxg2 Bf8+ 45. Rg6 Rxg6+ 46. Kf3 h4 47. Bxe5 h3 48. a5 Bd6 0-1

[Event "Late-Titled-Tuesday-Blitz-September-05-2023"]
[Site "Chess.com"]
[Date "2023.09.05"]
[Round "5"]
[White "Zhigalko_Sergei"]
[Black "mishanick"]
[Result "0-1"]
[WhiteElo "2893"]
[BlackElo "3077"]
[TimeControl "180+1"]
[EndTime "14:56:50 PDT"]
[Termination "mishanick won on time"]

1. e4 c5 2. Nf3 d6 3. Bb5+ Bd7 4. Bxd7+ Nxd7 5. c4 Ne5 6. Nxe5 dxe5 7. d3 e6 8.
Be3 b6 9. O-O Ne7 10. Qe2 Nc6 11. Nd2 Bd6 12. Nf3 O-O 13. Bd2 f5 14. Bc3 Qf6 15.
Rfe1 Rae8 16. a3 g5 17. b4 g4 18. Nd2 cxb4 19. axb4 Bxb4 20. Bxb4 Nxb4 21. Rxa7 Nc2 22. Rb1 Nd4 23. Qe1 Qg5 24. Rxb6 Rb8 25. Rxb8 Rxb8 26.
Nf1 f4 27. Qa1 Qd8 28. Kh1 Qb6 29. Ra8 Kf7 30. Rxb8 Qxb8 31. Qd1 h5 32. h3 Qb2 33.
Kg1 Ne2+ 34. Kh1 Nc3 35. Qd2 Qa1 36. Kg1 f3 37. hxg4 Ne2+ 38. Kh2 Qxf1 39. gxf3 Qxf2+ 0-1

[Event "Late-Titled-Tuesday-Blitz-September-05-2023"]
[Site "Chess.com"]
[Date "2023.09.05"]
[Round "5"]
[White "BogdanDeac"]
[Black "Lennis93"]
[Result "1-0"]
[WhiteElo "2999"]
[BlackElo "2831"]
[TimeControl "180+1"]
[EndTime "14:56:50 PDT"]
[Termination "BogdanDeac won by resignation"]

1. b3 Nf6 2. Bb2 d5 3. e3 a6 4. c4 dxc4 5. bxc4 g6 6. Nf3 Bg7 7. Be2 O-O 8. O-O Nc6 9. d4 Ne4 10. Qc2 Nd6 11. d5 Bf5 12. Qc1 Bxb2 13. Qxb2 Na5 14.
c5 Ndc4 15. Qb4 Qxd5 16. Nc3 Qe6 17. Nd4 Nc6 18. Qxc4 Nxd4 19. exd4 Qd7 20. d5 b5 21.
cxb6 cxb6 22. Qd4 Rac8 23. Bxa6 Rc5 24. a4 Ra8 25. Bb5 Qd6 26. Rad1 Rac8 27. Ne4 Bxe4 28. Qxe4 Rd8 29. g3 e6 30. dxe6 Qxd1 31. Rxd1 Rxd1+ 32. Kg2 fxe6 33. Qxe6+ Kg7 34. Qxb6 Rc2 35. Qa7+ Kh6 36. Qe3+ Kg7 37. a5 Rdd2 38. a6 Ra2 39. a7 Rdb2 40.
Bc4 Rxf2+ 41. Qxf2 Rxf2+ 42. Kxf2 1-0

[Event "Late-Titled-Tuesday-Blitz-September-05-2023"]
[Site "Chess.com"]
[Date "2023.09.05"]
[Round "5"]
[White "egnfanclub"]
[Black "olakenn"]
[Result "1/2-1/2"]
[WhiteElo "2310"]
[BlackElo "1860"]
[TimeControl "180+1"]
[EndTime "14:56:51 PDT"]
[Termination "Game drawn - insufficient material"]

1. e4 c6 2. d4 d5 3. exd5 cxd5 4.
c4 Nc6 5. Nc3 Nf6 6. Nf3 Bg4 7.
cxd5 Nxd5 8. Qb3 Bxf3 9. gxf3 e6 10. Qxb7 Nxd4 11. Bb5+ Nxb5 12. Qc6+ Ke7 13. Qxb5 Qd7 14. Nxd5+ Qxd5 15. Bg5+ f6 16. Qxd5 exd5 17. Be3 Kd6 18. O-O-O Kc6 19. Rhg1 g5 20. Bd4 Bc5 21. Bxf6 Bxf2 22.
Bxh8 Bxg1 23. Rxg1 Rxh8 24. Rxg5 Rf8 25. Rh5 Rxf3 26.
Rxh7 Rf2 27. h4 Rh2 28. a4 a5 29. Ra7 Rxh4 30. Rxa5 Kb6 31. Rb5+ Kc6 32. b3 Rh2 33. Rb8 Kc5 34. a5 Kd4 35. Kb1 Kc3 36.
a6 Rh1+ 37. Ka2 Rh2+ 38. Ka3 Rh1 39. Rc8+ Kd3 40. Kb4 Ra1 41. Kb5 d4 42. b4 Ke2 43.
Kb6 d3 44. Rd8 d2 45. b5 Ra3 46. Rxd2+ Kxd2 47. a7 Kc3 48. Kb7 Kc4 49. b6 Kc5 50.
Kc7 Kb5 51. b7 Rxa7 52. Kc8 Rxb7 53. Kxb7 1/2-1/2

[Event "Late-Titled-Tuesday-Blitz-September-05-2023"]
[Site "Chess.com"]
[Date "2023.09.05"]
[Round "5"]
[White "IMRosen"]
[Black "Cmorales2001"]
[Result "1-0"]
[WhiteElo "2606"]
[BlackElo "2432"]
[TimeControl "180+1"]
[EndTime "14:56:52 PDT"]
[Termination "IMRosen won by resignation"]

1. e3 Nf6 2. Ne2 d6 3. d3 e5 4. Nd2 b6 5. Ng3 Bb7 6. a4 a5 7.
Nb3 Nbd7 8. Bd2 g6 9. e4 d5 10. exd5 Bxd5 11. Bc3 Bg7 12. Nd2 O-O 13. Nde4 Re8 14.
Be2 Nf8 15. O-O Bb7 16. Bf3 Nd5 17. Bd2 Rb8 18. Nc3 Ne6 19. Re1 c6 20. Qc1 Nb4 21. Nce4 c5 22. Bxb4 cxb4 23. Nd2 Bxf3 24. Nxf3 Qc7 25.
Qd2 Rbc8 26. Rac1 Nc5 27. b3 Ne6 28. Qe3 Nf4 29. Qe4 Rcd8 30. h4 Nd5 31. h5 Nc3 32.
Qh4 Qe7 33. hxg6 fxg6 34. Qc4+ Qe6 35. Qh4 h6 36. Ne4 Qe7 37. Qg3 Qf7 38. Nxc3 bxc3 39. Re4 Qf5 40. Rce1 Rf8 41. Nh4 Qg5 42. Qxg5 hxg5 43.
Nxg6 Rfe8 44. Nxe5 Re6 45. Nc4 Rxe4 46. Rxe4 Rxd3 47.
cxd3 c2 48. Re1 1-0

[Event "Late-Titled-Tuesday-Blitz-September-05-2023"]
[Site "Chess.com"]
[Date "2023.09.05"]
[Round "5"]
[White "SergioMoralesG"]
[Black "ketster"]
[Result "1-0"]
[WhiteElo "2408"]
[BlackElo "2529"]
[TimeControl "180+1"]
[EndTime "14:56:52 PDT"]
[Termination "SergioMoralesG won by checkmate"]

1. d4 d5 2. c4 dxc4 3. Nf3 a6 4. a4 Nc6 5. e3 Bg4 6. Bxc4 e6 7. O-O Nf6 8. h3 Bh5 9. Nc3 Bd6 10. b3 O-O 11. Be2 Qe8 12. Bb2 Rd8 13.
Rc1 e5 14. d5 e4 15. dxc6 exf3 16. Bxf3 Bh2+ 17. Kxh2 Rxd1 18. Rfxd1 Bxf3 19. gxf3 bxc6 20. Rg1 g6 21. Ne2 Nd5 22. Ba3 Qe5+ 23. f4 Qh5 24. Nd4 Rb8 25. Rg5 Qh4 26. Kg2 h6 27. Nf3 hxg5 28. Nxh4 gxh4 29. Rxc6 Rxb3 30. Bc1 a5 31. e4 Nxf4+ 32. Bxf4 Rb4 33. Bxc7 Rxa4 34. Kf3 Ra3+ 35. Kg4 Ra2 36. f4 a4 37. Kxh4 Rf2 38. Be5 a3 39.
Rc8+ Kh7 40. Rh8# 1-0

[Event "Late-Titled-Tuesday-Blitz-September-05-2023"]
[Site "Chess.com"]
[Date "2023.09.05"]
[Round "5"]
[White "Nikachu"]
[Black "NoGalloNoParty"]
[Result "0-1"]
[WhiteElo "2156"]
[BlackElo "2544"]
[TimeControl "180+1"]
[EndTime "14:56:52 PDT"]
[Termination "NoGalloNoParty won on time"]

1. e4 c5 2. Nf3 Nc6 3. d4 cxd4 4. Nxd4 e5 5. Nb5 d6 6. Nd2 a6 7.
Nc3 Nf6 8. Nc4 b5 9. Ne3 b4 10. Ncd5 Nxe4 11. Qf3 Ng5 12. Qd1 Ne6 13. a3 bxa3 14.
Rxa3 g6 15. c3 Bg7 16. Bc4 O-O 17. O-O a5 18. b4 Bb7 19. b5 Nb8 20. Qe2 Nd7 21.
Bd2 Kh8 22. Rfa1 Qh4 23. Rxa5 Ndc5 24. g3 Qh3 25. Qf1 Qxf1+ 26. Bxf1 Ne4 27. Be1 f5 28. Bg2 N6c5 29. Rxa8 Bxa8 30. Nb6 Bb7 31. Nec4 f4 32. Ra7 f3 33. Bf1 d5 34. Ne3 Nf6 35. c4 d4 36.
Ned5 e4 37. Bb4 Bxd5 38. Nxd5 Nxd5 39. cxd5 e3 40. Bxc5 Rc8 0-1

[Event "Late-Titled-Tuesday-Blitz-September-05-2023"]
[Site "Chess.com"]
[Date "2023.09.05"]
[Round "5"]
[White "kinga2008"]
[Black "HeinichessPY"]
[Result "0-1"]
[WhiteElo "2386"]
[BlackElo "2239"]
[TimeControl "180+1"]
[EndTime "14:56:54 PDT"]
[Termination "HeinichessPY won by resignation"]

1. e4 c5 2. Nf3 Nc6 3. c3 Nf6 4. Bd3 g6 5. Bc2 Bg7 6. d4 cxd4 7. cxd4 d5 8. Nc3 dxe4 9. Nxe4 O-O 10. O-O Bg4 11. Be3 Qd5 12. Nc3 Qh5 13. h3 Bxf3 14. Qxf3 Qxf3 15. gxf3 e6 16. Rfd1 Rfd8 17. Rac1 Nb4 18.
Bb1 Nbd5 19. Bg5 h6 20. Bxf6 Bxf6 21. Be4 Nf4 22. Nb5 a6 23. Nc7 Rab8 24. Kf1 Rxd4 25. Rxd4 Bxd4 26. b3 Be5 27. b4 Rc8 28. Bxb7 Rxc7 29.
Rxc7 Bxc7 30. Bxa6 Nd5 31. a3 Bb6 32. Bc4 Nf4 33. a4 Nxh3 34. a5 Bxf2 35. b5 Bc5 36. b6 Nf4 37. b7 Ba7 38. Ke1 h5 39. Kf1 h4 40. a6 h3 41. b8=Q+ Bxb8 42. Kg1 Kg7 43. Kh2 Kf6 44. Bf1 Kg5 45. Kg3 Ba7 46. Bb5 e5 47. Be8 f5 48. Bc6 Bg1 49. a7 Bxa7 50. Kh2 Bf2 51. Bb5 Kh4 52. Bf1 Bg3+ 53. Kh1 e4 54. Be2 Nxe2 55. fxe4 f4 56. e5 f3 57. e6 f2 0-1

[Event "Late-Titled-Tuesday-Blitz-September-05-2023"]
[Site "Chess.com"]
[Date "2023.09.05"]
[Round "5"]
[White "SchmakAttack"]
[Black "ridnani2021"]
[Result "0-1"]
[WhiteElo "2768"]
[BlackElo "2575"]
[TimeControl "180+1"]
[EndTime "14:56:56 PDT"]
[Termination "ridnani2021 won on time"]

1. d4 Nf6 2. c4 g6 3. g3 Bg7 4. Bg2 O-O 5. Nc3 d6 6. Nf3 Nbd7 7. O-O e5 8. e4 c6 9. h3 Qa5 10. Re1 exd4 11. Nxd4 Ne5 12. Bf1 Re8 13. Be3 c5 14. Ndb5 Nxe4 15. Nxe4 Qxe1 16. Qxe1 Nf3+ 17. Kh1 Nxe1 18.
Nexd6 Nc2 19. Nxe8 Nxa1 20. Nxg7 Kxg7 21. Bxc5 Be6 22.
b3 Rd8 23. Bxa7 Rd1 24. Kg2 Bxh3+ 25. Kxh3 Rxf1 26. Kg2 Rd1 27. c5 Rd2 28. Nd6 Rxa2 29. Bb6 Nxb3 30. Nxb7 Rc2 31. Kf3 Rc4 32. Ke3 Kf6 33. Kd3 Rc1 34. f3 Ke7 35. Ke4 f5+ 36.
Kd5 Rd1+ 37. Kc4 Nd4 38. Nd6 Nxf3 39. Nb5 Ne5+ 40. Kb3 Nc6 41. Kc4 Rg1 42. Kd5 Nb4+ 43. Kc4 Nc6 44. Kd5 Nb8 45. Bc7 Rd1+ 46. Kc4 Nc6 47. Nd6 Ne5+ 48. Kb5 Nd7 49. c6 Rxd6 0-1

[Event "Late-Titled-Tuesday-Blitz-September-05-2023"]
[Site "Chess.com"]
[Date "2023.09.05"]
[Round "5"]
[White "KorolDimitriy75"]
[Black "boldpilot22622"]
[Result "1-0"]
[WhiteElo "2333"]
[BlackElo "2499"]
[TimeControl "180+1"]
[EndTime "14:56:56 PDT"]
[Termination "KorolDimitriy75 won by resignation"]

1. d4 c5 2. d5 e5 3. c4 d6 4. Nc3 Be7 5. e4 Bg5 6. g3 Bxc1 7. Rxc1 Ne7 8. Bg2 O-O 9. Nge2 g6 10. O-O f5 11. f4 Nd7 12. Qd2 a6 13. a4 Rb8 14.
b3 exf4 15. Nxf4 Ne5 16. Nd3 Ng4 17. h3 Nf6 18. e5 dxe5 19. Nxe5 Qd6 20. Rce1 Re8 21.
Qf2 Bd7 22. Nxd7 Qxd7 23. Qxc5 Rbc8 24. Qd4 Nh5 25. Kh2 f4 26. gxf4 Nf5 27. Qf2 Qd6 28. Ne4 Qb4 29. Bf3 Nxf4 30. Nf6+ Kf7 31. Nxe8 Rxe8 32. Rxe8 Kxe8 33. Qe1+ Qxe1 34. Rxe1+ Kd7 35.
Bg4 Kd6 36. Bxf5 gxf5 37. Re3 b5 38. axb5 axb5 39. cxb5 Nxd5 40. Re8 Kc5 41. Re5 f4 42. b6 Kd6 43. Rxd5+ 1-0

[Event "Late-Titled-Tuesday-Blitz-September-05-2023"]
[Site "Chess.com"]
[Date "2023.09.05"]
[Round "5"]
[White "vanyakuba"]
[Black "Rinqed222"]
[Result "1-0"]
[WhiteElo "2401"]
[BlackElo "2220"]
[TimeControl "180+1"]
[EndTime "14:56:57 PDT"]
[Termination "vanyakuba won by resignation"]

1. e4 e6 2. d4 d5 3. exd5 exd5 4. Nf3 Nc6 5. c4 Bb4+ 6. Nc3 Nf6 7. Bd3 dxc4 8.
Bxc4 O-O 9. O-O Bg4 10. Be3 Bxc3 11. bxc3 Nd5 12. Bd2 Na5 13. Bd3 Nb6 14. Rb1 Rb8 15.
h3 Bh5 16. Bf4 Bg6 17. Rb5 Bxd3 18. Qxd3 Nac4 19. Rc5 Nd6 20. Rh5 g6 21. Rc5 Nd7 22. Ra5 a6 23. Ne5 Nf6 24. Qf3 Nde4 25. Re1 Nd6 26.
Bg5 Nf5 27. g4 h6 28. Bxf6 Qxf6 29. gxf5 gxf5 30. Nd7 Qg5+ 31. Qg3 Qxg3+ 32. fxg3 Rfe8 33. Rae5 Red8 34. Nf6+ Kg7 35. Nh5+ Kg6 36. Nf4+ Kf6 37. Re7 c5 38. d5 b5 39. Rc7 b4 40. c4 a5 41. Rxc5 a4 42. Rc6+ Kg5 43. Kf2 b3 44.
axb3 axb3 45. h4+ Kg4 46. Ng2 b2 47. Ne3+ Kh5 48. Rb1 Re8 49. d6 Rec8 50. Rxc8 Rxc8 51. Rxb2 f4 52. g4+ Kxh4 53. Nf5+ Kxg4 54. Ne7 Rd8 55. Rd2 Kg5 56. c5 Kf6 57. c6 Ke6 58. c7 Rxd6 59.
Rxd6+ Kxd6 60. c8=Q Kxe7 61. Qh3 1-0

[Event "Late-Titled-Tuesday-Blitz-September-05-2023"]
[Site "Chess.com"]
[Date "2023.09.05"]
[Round "5"]
[White "Rutricks"]
[Black "maksimys18"]
[Result "1-0"]
[WhiteElo "2671"]
[BlackElo "2505"]
[TimeControl "180+1"]
[EndTime "14:56:58 PDT"]
[Termination "Rutricks won by checkmate"]

1. Nf3 e6 2. b3 d5 3. Bb2 Nf6 4. e3 Be7 5. Be2 O-O 6. O-O c5 7. h3 Nc6 8. c4 d4 9. exd4 cxd4 10. d3 e5 11. a3 a5 12. Re1 Qc7 13. Nbd2 Bf5 14. Bf1 h6 15. Rc1 Rae8 16. c5 Nd5 17. Nc4 f6 18. Nh4 Bh7 19. Qf3 Nf4 20. g3 f5 21. gxf4 Bxh4 22. Nxe5 Nxe5 23. fxe5 Rxe5 24. Bxd4 Rxe1 25. Rxe1 Qd8 26. Bc3 f4 27. Qxb7 Bf6 28.
Bxf6 Qxf6 29. Qd5+ Kh8 30. Re6 Qf7 31. Qe5 f3 32. c6 Bf5 33. Re7 Qg6+ 34. Kh2 Bxd3 35. Re6 Rf6 36. Rxf6 gxf6 37. Qe1 Bxf1 38. Qxf1 Qg5 39.
Qg1 Qf4+ 40. Qg3 Qc1 41. c7 Kh7 42. Qd6 Qf1 43. Kg3 Qxf2+ 44. Kxf2 h5 45. Kxf3 h4 46.
c8=Q Kg6 47. Qg4+ Kf7 48. Qdd7+ Kf8 49. Qgg7# 1-0

[Event "Late-Titled-Tuesday-Blitz-September-05-2023"]
[Site "Chess.com"]
[Date "2023.09.05"]
[Round "5"]
[White "Defenstrator"]
[Black "santosalberto1987"]
[Result "0-1"]
[WhiteElo "2303"]
[BlackElo "2539"]
[TimeControl "180+1"]
[EndTime "14:56:58 PDT"]
[Termination "santosalberto1987 won on time"]

1. e4 e6 2. a3 d5 3. e5 c5 4. b4 b6 5. c3 Qd7 6. d4 Ba6 7. f4 Bxf1 8. Kxf1 cxd4 9. cxd4 Nc6 10. Nf3 Nge7 11. Nc3 h5 12. Be3 Nf5 13. Bf2 Be7 14.
g3 Rc8 15. Rc1 a5 16. b5 Na7 17. a4 Ba3 18. Rc2 g6 19. Kg2 Rc4 20. h3 Qc7 21.
Qd3 Ke7 22. g4 hxg4 23. hxg4 Rxh1 24. Kxh1 Nh6 25. Nh2 Bb4 26. Be1 Nc8 27. Qh3 Ng8 28. f5 Ke8 29. f6 Rxd4 30. Qh8 Qxe5 31. Qxg8+ Bf8 32. Ne2 Rc4 33. Rxc4 dxc4 34. Bd2 Qxe2 35. Kg1 Qxd2 36. Nf3 Qe3+ 37. Kg2 Nd6 0-1

[Event "Late-Titled-Tuesday-Blitz-September-05-2023"]
[Site "Chess.com"]
[Date "2023.09.05"]
[Round "5"]
[White "PepeCuenca"]
[Black "jorquerino"]
[Result "1-0"]
[WhiteElo "2662"]
[BlackElo "2350"]
[TimeControl "180+1"]
[EndTime "14:56:59 PDT"]
[Termination "PepeCuenca won on time"]

1. c4 Nf6 2. Nf3 g6 3. Nc3 Bg7 4. e4 d6 5. d4 O-O 6. Be2 e5 7. d5 Nbd7 8. Bg5 h6 9. Bh4 g5 10. Bg3 Nh5 11. Nd2 Nf4 12. O-O a5 13. Bg4 Nc5 14. Bxc8 Qxc8 15. Re1 f5 16. exf5 Qxf5 17. Nde4 b6 18. Re3 Rf7 19. h3 Raf8 20. Qg4 Qg6 21. Rf1 Ncd3 22. b3 Nc5 23. Nxc5 bxc5 24. Ne4 Kh8 25. h4 gxh4 26. Qxh4 Rg8 27. Rfe1 Bf8 28. Rf3 Nh5 29. Rxf7 Qxf7 30. Re3 Be7 31. Qh2 Kh7 32. Qh3 Nf4 33. Bxf4 exf4 34. Re1 f3 35. g3 Qg6 36. Qe6 Rg7 37. Qxg6+ Kxg6 38.
Nd2 Rf7 39. Re6+ Kg7 40. Kf1 Bg5 41. Ne4 Re7 42. Nxg5 1-0

[Event "Late-Titled-Tuesday-Blitz-September-05-2023"]
[Site "Chess.com"]
[Date "2023.09.05"]
[Round "5"]
[White "ChEsper99"]
[Black "Qvalda"]
[Result "1-0"]
[WhiteElo "2169"]
[BlackElo "2365"]
[TimeControl "180+1"]
[EndTime "14:56:59 PDT"]
[Termination "ChEsper99 won by checkmate"]

1. e4 e6 2. d4 d5 3. Nd2 Be7 4. c3 c5 5. e5 Nc6 6. Ndf3 cxd4 7. cxd4 g5 8. h3 h5 9. Bd3 Bd7 10. Ne2 Rc8 11. Bd2 Qb6 12. Bc3 a5 13. Qb3 Qa7 14. Bb5 Nh6 15. O-O-O Nb4 16. Bxd7+ Kxd7 17. Qa4+ Kd8 18.
Kb1 Nf5 19. g4 Nh4 20. Nxh4 gxh4 21. gxh5 Rxh5 22. Rhg1 Rh8 23. Rg7 Qa6 24. Nc1 b5 25.
Qa3 Nd3 26. Qxa5+ Qxa5 27. Bxa5+ Ke8 28. Rxd3 b4 29. Rb3 Rh5 30. Bxb4 Bg5 31. Rg8+ Kd7 32. Rxc8 Kxc8 33. Rc3+ Kb7 34. Rf3 Rh7 35. Kc2 Kb6 36.
Bd2 Be7 37. Nd3 Kc6 38. Bb4 Bd8 39. Bc5 Bc7 40. a4 Rg7 41. b4 Rg1 42. b5+ Kb7 43. Rxf7 Kc8 44. b6 Bd8 45. b7+ Kb8 46. Bd6+ Ka7 47.
b8=Q+ Ka6 48. Qa7# 1-0

[Event "Late-Titled-Tuesday-Blitz-September-05-2023"]
[Site "Chess.com"]
[Date "2023.09.05"]
[Round "5"]
[White "tptagain"]
[Black "bascheyaro"]
[Result "1/2-1/2"]
[WhiteElo "2982"]
[BlackElo "2816"]
[TimeControl "180+1"]
[EndTime "14:57:00 PDT"]
[Termination "Game drawn by repetition"]

1. Nf3 d5 2. c4 c6 3. e3 Nf6 4. Nc3 a6 5. d4 Bf5 6. h3 e6 7. g4 Be4 8. Nxe4 Nxe4 9. Bg2 Qa5+ 10.
Ke2 Nd7 11. Qc2 h5 12. g5 g6 13. h4 Nd6 14. b3 b5 15. Bd2 Qd8 16. c5 Nf5 17. a4 Bg7 18. Ra2 O-O 19. Rha1 Qb8 20. Bh3 bxa4 21. Rxa4 Nxh4 22. Nxh4 Qh2 23. Nxg6 fxg6 24.
Bxe6+ Kh7 25. Be1 Nb8 26. Rb4 Ra7 27. Rb6 Re7 28. Bxd5 Bxd4 29. Ra4 Rxe3+ 30. Kd1 Rxe1+ 31. Kxe1 Rxf2 32. Rb7+ Kh8 33. Rxb8+ Qxb8 34. Qxg6 Qe5+ 35. Be4 Rf7 36. Qxf7 Qxe4+ 37. Kf1 Qh1+ 38. Ke2 Qe4+ 39. Kf1 Qh1+ 40. Ke2 Qe4+ 41. Kf1 1/2-1/2

[Event "Late-Titled-Tuesday-Blitz-September-05-2023"]
[Site "Chess.com"]
[Date "2023.09.05"]
[Round "5"]
[White "Polish_fighter3000"]
[Black "TigrVShlyape"]
[Result "1-0"]
[WhiteElo "3086"]
[BlackElo "2880"]
[TimeControl "180+1"]
[EndTime "14:57:03 PDT"]
[Termination "Polish_fighter3000 won on time"]

1. e4 c5 2. Nf3 e6 3. d4 cxd4 4. Nxd4 a6 5. c4 Nf6 6. Nc3 Bb4 7. Qd3 d5 8. exd5 exd5 9. Be2 O-O 10. O-O Nc6 11.
Nxc6 bxc6 12. cxd5 Nxd5 13. Nxd5 Qxd5 14. Qxd5 cxd5 15.
Be3 a5 16. Rfd1 Be6 17. Bd4 Rfc8 18. Rac1 Be7 19. g3 Rab8 20. a3 Rxc1 21. Rxc1 Bf6 22. Bxf6 gxf6 23. Rc2 d4 24. Bd3 Kg7 25. f3 Rb3 26.
Rd2 f5 27. Kf2 Kf6 28. f4 h6 29. Ke2 Bd5 30. Kd1 Rb8 31. Kc1 Bb3 32. Bc2 Rc8 33. Kb1 Bxc2+ 34. Rxc2 Re8 35. Rc6+ Kg7 36. b4 axb4 37. axb4 Rd8 38. Kc2 d3+ 39. Kd2 Rd4 40. b5 f6 41. b6 Kg6 42. Rc7 Rb4 43. b7 Rb3 44. Rd7 Kh5 45. Rg7 1-0